Description

test

Build Order

Get SALT Encoding   

  14  0:35  Pylon  
  16  0:50  Gateway  
  16  0:55  Assimilator  
  20  1:35  Nexus  
  20  1:40  Cybernetics Core  
  21  1:45  Assimilator  
  22  1:55  Pylon  
  22  2:20  Stalker (Chrono Boost), Warp Gate (Chrono Boost)  
  27  3:05  Robotics Facility  
  31  3:50  Observer  
  33  4:20  Immortal (Chrono Boost)  
  33  4:25  Gateway x2  
  33  4:30  Pylon  
  36  4:50  Stalker x3  
  44  5:20  Assimilator x2  
  50  6:00  Robotics Facility, Robotics Bay  
  55  6:45  Colossus (Chrono Boost)  
  60  7:00  Extended Thermal Lance  
  60  7:25  Colossus (Chrono Boost)  
  70  8:15  Twilight Council  
  70  8:20  Forge  
  70  8:40  Charge (Chrono Boost), Protoss Ground Weapons Level 1 (Chrono Boost)  
  75  9:00  Gateway x5, Templar Archives  Immortals, Immortals
  85  9:45  Warp Prism  Immortals
  90  10:20  Archon x2  Immortals
Spawning Tool Build Advisor. Get it on Overwolf

Analysis

test

Go to:

Details

  • Created by: davidcdorbecker
  • Published on: Jun 08, 2026
  • Modified on: Jun 08, 2026
  • Patch: 5.0.11
  • Difficulty: Easy
Show
View Real Time Build Order
Export as new Build Order

Comments (0)

There are no comments. Be the first!

Create an account to comment!